 Dungeon Crawl Stone Soup version 0.32-a0-665-g3d30ec2550 (webtiles) character file.

Game seed: 8908130606176309634

816 jt the Chopper (level 7, -2/61 HPs)
             Began as a Coglin Monk on Mar 9, 2024.
             Was a High Priest of Zin.
             Slain by a mummy (11 damage)
             ... in an ossuary.
             The game lasted 00:09:58 (4393 turns).

jt the Chopper (Coglin Monk)                        Turns: 4393, Time: 00:10:02

Health: -2/61      AC:  7    Str: 14    XL:     7   Next: 94%
Magic:  8/8        EV: 10    Int:  9    God:    Zin [*****.]
Gold:   330        SH:  0    Dex: 16    Spells: 6/6 levels left

rFire   . . .        a - +1 hand axe {Paloma}
rCold   . . .        v - +0 morningstar {Koruri}
rNeg    . . .        q - +0 scale mail
rPois   .            (no helmet)
rElec   .            (no cloak)
rCorr   .            (no gloves)
SInv    .            p - +0 pair of boots
Will    .....        (amulet unavailable) Stlth
                     (ring unavailable)
HPRegen 0.30/turn    (ring unavailable)
MPRegen 0.11/turn    (no gizmo)

%: no passive effects
@: revved
A: off-hand wielding, slow wielding, warmup strikes, no jewellery, robust 1
a: Invent Gizmo, Renounce Religion, Recite, Vitalisation, Imprison, Sanctuary,
Donate Gold


You were in an ossuary.
You worshipped Zin.
Zin was extremely pleased with you.
You visited 2 branches of the dungeon, and saw 7 of its levels.
You also visited: Ossuary.

You collected 366 gold pieces.
You donated 36 gold pieces to Zin.

Inventory:

Hand Weapons
 a - a +1 hand axe (weapon) {Paloma}
 i - a +0 dagger of venom {Tejnoor}
 v - a +0 morningstar (offhand) {Koruri}
Missiles
 e - 66 stones
 l - 3 boomerangs (quivered)
 t - 2 poisoned darts
Armour
 b - a +0 robe
 d - an orb of light
 m - a +6 chain mail of ponderousness
 p - a +0 pair of boots (worn)
 q - a +0 scale mail (worn)
Magical Staves
 h - a staff of earth
Wands
 u - a wand of charming (10)
Scrolls
 g - a scroll of enchant weapon
 n - a scroll of amnesia
 o - a scroll of vulnerability
Potions
 c - a potion of ambrosia
 f - a potion of heal wounds


   Skills:
 + Level 5.0 Fighting
 * Level 6.4 Axes
 - Level 2.0 Throwing
 + Level 2.7 Armour
 - Level 2.6 Dodging
 - Level 2.0 Invocations


You had 6 spell levels left.
You didn't know any spells.
Your spell library contained the following spells:

 Spells                   Type           Power      Damage    Failure   Level
 Summon Small Mammal      Summ           0%         N/A       86%         1
 Ensorcelled Hibernation  Hex/Ice        0%         N/A       94%         2
 Gell's Gravitas          Tloc           0%         N/A       99%         3
 Passwall                 Erth           0%         N/A       99%         3
 Swiftness                Air            0%         N/A       99%         3
 Teleport Other           Tloc           0%         N/A       99%         3
 Dispersal                Tloc           0%         N/A       100%        6


Dungeon Overview and Level Annotations

Branches:
Dungeon (6/15)             Temple (1/1) D:4         Ossuary (1/1)

Altars:
Ashenzari
Cheibriados
Dithmenos
Elyvilon
Fedhas
Hepliaklqana
Kikubaaqudgha
Makhleb
Nemelex Xobeh
Okawaru
Qazlal
Ru
Sif Muna
Trog
Uskayaw
Vehumet
Xom
Yredelemnul
Zin

Shops:
D:3 (


Innate Abilities, Weirdness & Mutations

You can wield a second weapon in your off-hand.
It takes a long time for you to wield or remove held weapons.
Your first few attacks do less damage.
You cannot equip rings or amulets.
You are robust. (+10% HP)


Message History

The mummy hits you!
You hit the mummy with your +0 morningstar.
You destroy the mummy!
Zin accepts your kill.
You hit the mummy with your +1 hand axe.
You hit the mummy with your +1 hand axe.
The mummy is heavily damaged.
You hit the mummy with your +0 morningstar.
The mummy hits you!
You barely miss the mummy with your +0 morningstar.
The mummy is heavily damaged.
You barely miss the mummy with your +1 hand axe.
You hit the gnoll zombie with your +1 hand axe.
The gnoll zombie hits you but does no damage.
The mummy hits you!
You completely miss the mummy with your +1 hand axe.
The mummy is heavily damaged.
You barely miss the gnoll zombie with your +1 hand axe.
You barely miss the mummy with your +0 morningstar.
The gnoll zombie hits you but does no damage.
The mummy closely misses you.
You hit the mummy but do no damage.
The mummy is heavily damaged.
You hit the mummy with your +1 hand axe.
You hit the gnoll zombie with your +1 hand axe.
The gnoll zombie hits you but does no damage.
You closely miss the mummy with your +0 morningstar.
The mummy is severely damaged.
You hit the mummy but do no damage.
You hit the gnoll zombie with your +1 hand axe.
The gnoll zombie misses you. The mummy hits you!
* * * LOW HITPOINT WARNING * * *
You hit the mummy with your +1 hand axe.
The mummy is almost destroyed.
You hit the gnoll zombie with your +1 hand axe.
You destroy the gnoll zombie!
Zin accepts your kill.
You hit the mummy with your +0 morningstar.
The mummy hits you!
You die...

...........
..........
#........
#......
#....#
#....#
#..M.#
#...@#
#....#
#....#
#....#
#....#
#.∩∩.#
######


You could see a mummy.

Vanquished Creatures
  An ogre (D:6)
  2 phantoms (D:5)
  4 hounds
  4 bombardier beetles
  2 orc priests (D:3)
  A sleepcap (D:5)
  3 iguanas
  An orc wizard (D:3)
  A mummy (Ossuary)
  6 adders
  2 ufetubi (D:5)
  A dart slug (D:1)
  A ribbon worm (D:4)
  10 orcs
  3 endoplasms
  3 giant cockroaches (D:1)
  5 goblins
  3 hobgoblins
  6 kobolds
  A quokka (D:2)
  8 ball pythons
  2 bats
  4 frilled lizards
  3 gnoll zombies (Ossuary)
  3 kobold zombies (Ossuary)
  An orc zombie (Ossuary)
  4 rats
85 creatures vanquished.

Notes
Turn   | Place    | Note
-------+----------+-------------------------------------------
     0 | D:1      | jt the Coglin Monk began the quest for the Orb.
     0 | D:1      | Reached XP level 1. HP: 18/18 MP: 1/1
   115 | D:1      | Found a faded altar of an unknown god.
   183 | D:1      | Prayed at the altar of an unknown god.
   183 | D:1      | Became a worshipper of Zin the Law-Giver
   183 | D:1      | Reached * piety under Zin
   183 | D:1      | Reached ** piety under Zin
   229 | D:1      | Reached XP level 2. HP: 22/24 MP: 2/2
   350 | D:1      | Reached *** piety under Zin
   428 | D:1      | Reached XP level 3. HP: 19/29 MP: 3/3
  1159 | D:2      | Reached skill level 4 in Axes
  1240 | D:2      | Found a sparkling altar of Nemelex Xobeh.
  1400 | D:3      | Found an ancient bone altar of Kikubaaqudgha.
  1406 | D:3      | Found a shimmering blue altar of Sif Muna.
  1408 | D:3      | Found a radiant altar of Vehumet.
  1413 | D:3      | Got Sif Muna's Quarto of the Congregation
  1472 | D:3      | Found a blossoming altar of Fedhas.
  1520 | D:3      | Found Gotiosel's Weapon Shoppe.
  1576 | D:3      | Reached **** piety under Zin
  1626 | D:3      | Reached XP level 4. HP: 20/36 MP: 4/4
  1823 | D:3      | Reached skill level 1 in Invocations
  2139 | D:3      | Reached XP level 5. HP: 18/42 MP: 5/5
  2139 | D:3      | Gained mutation: You are robust. (+10% HP) [potion of
                  | mutation]
  2287 | D:3      | Found a sparkling altar of Nemelex Xobeh.
  2594 | D:4      | Reached skill level 1 in Armour
  2706 | D:4      | Noticed an ogre
  2763 | D:4      | Reached skill level 5 in Axes
  2763 | D:4      | Reached XP level 6. HP: 37/52 MP: 7/7
  2889 | D:4      | Found a staircase to the Ecumenical Temple.
  2912 | Temple   | Entered the Ecumenical Temple
  3220 | D:4      | Reached ***** piety under Zin
  3420 | D:5      | Entered Level 5 of the Dungeon
  3437 | D:5      | Reached skill level 1 in Throwing
  3614 | D:5      | Reached XP level 7. HP: 48/60 MP: 8/8
  3977 | D:5      | Reached skill level 6 in Axes
  4240 | D:6      | Reached skill level 5 in Fighting
  4354 | D:6      | Found a sand-covered staircase.
  4369 | Ossuary  | Entered an ossuary
  4393 | Ossuary  | Slain by a mummy

Illustrated notes

Levels and vault maps discovered:
D:1:      dpeg_arrival_round_b, layout_basic, chequers_ecumenical_altar_island,
          st_stairs_3
D:2:      layout_loops_ring, basic_altar
D:3:      layout_loops_ring, grunt_temple_overflow_magic_moments,
          mainiacjoe_overflow_tiny_flanked, nemelex_diamond_rough_becter,
          serial_shops, nicolae_shop_tiny_glass
D:4:      layout_loops_ring, nicolae_overflow_hidden_temple, temple_pool_b
D:5:      layout_rooms
D:6:      layout_loops_corners, overflow_temple_1_default, enter_ossuary_5,
          kb_rosetta, uniq_duvessa
Temple:   compressed_dpeg_triangle_lava_temple
Ossuary:  ossuary_tomb_3

Skill      XL: |  1  2  3  4  5  6  7 |
---------------+----------------------+-----
Axes           | 4 5 6 |  6.4
Invocations    | 1 2 |  2.0
Fighting       | 4 5 |  5.0
Armour         | 1 2 |  2.7
Throwing       | 1 2 |  2.0
Dodging        | |  2.6

Action                     |  1- 3 |  4- 6 |  7- 9 || total
---------------------------+-------+-------+-------++-------
  Melee: Hand axe          |    86 |   130 |    69 ||   285
         Dagger            |    27 |   125 |    50 ||   202
         Morningstar       |       |       |    16 ||    16
  Throw: Stone             |       |     3 |       ||     3
         Boomerang         |       |     8 |     8 ||    16
         Dart              |       |       |     1 ||     1
    Use: Potion            |     1 |     2 |       ||     3
         Scroll            |     1 |     4 |     4 ||     9
   Stab: Sleeping          |     2 |       |       ||     2
 Armour: Robe              |    48 |    19 |       ||    67
         Scale mail        |       |    74 |    63 ||   137
  Dodge: Dodged            |    74 |    44 |    44 ||   162

Table legend: (Time is in decaauts)
 A = Elapsed time spent in this place.
 B = Non-inter-level travel time spent in this place.
 C = Inter-level travel time spent in this place.
 D = Time resting spent in this place.
 E = Time spent auto-exploring this place.
 F = Levels seen in this place.
 G = Mean time per level.
                   A        B        C        D        E       F      G
               +--------+--------+--------+--------+--------+-----+--------+
         Total |   4419 |   4158 |    261 |    916 |   1909 |   8 |  552.4 |
       Dungeon |   4391 |   4130 |    261 |    916 |   1909 |   6 |  731.8 |
        Temple |      1 |      1 |      0 |      0 |      0 |   1 |    1.0 |
       Ossuary |     26 |     26 |      0 |      0 |      0 |   1 |   26.0 |
               +--------+--------+--------+--------+--------+-----+--------+

Top non-repeatable levels by time:
     D:3: 1103 daAuts
     D:4: 1071 daAuts
     D:1: 748 daAuts
     D:2: 706 daAuts
     D:5: 526 daAuts
     D:6: 234 daAuts
 Ossuary: 26 daAuts
  Temple: 1 daAuts
